 Dungeon Crawl Stone Soup version 0.24.0-41-g2ae2f7f1be (webtiles) character file.

Game seed: 11039141407079457645, levelgen mode: deterministic

43247 Brecoman the Thaumaturge (level 13, -1/98 HPs)
             Began as a Mummy Necromancer on Dec 12, 2019.
             Was the Champion of Kikubaaqudgha.
             Killed by divine providence
             ... invoked by an orc priest
              (15 damage)
             ... on level 2 of the Orcish Mines.
             The game lasted 01:59:25 (27570 turns).

Brecoman the Thaumaturge (Mummy Necromancer)       Turns: 27570, Time: 01:59:26

Health: -1/98      AC:  8    Str: 12    XL:     13   Next: 89%
Magic:  22/29      EV: 11    Int: 18    God:    Kikubaaqudgha [******]
Gold:   1751       SH:  5    Dex: 13    Spells: 4/36 levels left

rFire    x . .     SeeInvis +   u - +7 long sword "Waan" {elec, rElec rPois}
rCold    + + .     Gourm    .   m - +0 buckler
rNeg     + + +     Faith    .   t - +2 leather armour {rC+}
rPois    ∞         Spirit   .   y - +1 helmet
rElec    +         Reflect  .   (no cloak)
rCorr    .         Harm     .   d - +0 pair of gloves
MR       ++...                  (no boots)
Stlth    ++........             B - amulet of magic regeneration
HPRegen  0.26/turn              A - ring of see invisible
MPRegen  0.46/turn              w - ring of protection from magic

@: very slightly contaminated
A: no food or potions, fire vulnerability, cold resistance 1, negative energy
resistance 3, torment resistance, unbreathing, in touch with death 1
a: Receive Corpses, Torment, Renounce Religion


You were on level 2 of the Orcish Mines.
You worshipped Kikubaaqudgha.
Kikubaaqudgha was exalted by your worship.
You were not hungry.

You visited 5 branches of the dungeon, and saw 23 of its levels.
You also visited: Ossuary.

You collected 1877 gold pieces.
You spent 126 gold pieces at shops.

Inventory:

Hand Weapons
 b - a +4 dagger of venom
 u - the +7 long sword "Waan" (weapon) {elec, rElec rPois}
   (You found it on level 6 of the Dungeon)

   Occasionally, upon striking a foe, it will discharge some electrical energy
   and cause terrible harm.
   It insulates you from electricity.
   It protects you from poison.
Missiles
 c - 577 stones (quivered)
 q - 111 poisoned darts
 E - 16 curare-tipped darts
 F - 4 throwing nets
Armour
 d - a +0 pair of gloves (worn)
 m - a +0 buckler (worn)
 t - a +2 leather armour of cold resistance (worn)
 y - a +1 helmet (worn)
Magical Staves
 s - an uncursed staff of fire
 I - an uncursed staff of summoning
Jewellery
 a - the ring "Azeq" {+Fly rPois Int+3}
   (You bought it in a shop on level 7 of the Dungeon)

   [ring of poison resistance]

   It affects your intelligence (+3).
   It protects you from poison.
   It lets you fly.
 g - an uncursed ring of stealth
 v - an uncursed ring of protection from cold
 w - a ring of protection from magic (right hand)
 A - a ring of see invisible (left hand)
 B - an amulet of magic regeneration (around neck)
 L - a +4 ring of dexterity {unknown}
Wands
 i - a wand of acid (10)
 p - a wand of disintegration (12)
 x - a wand of flame (41)
 z - a wand of iceblast (21)
 C - a wand of digging (6)
Scrolls
 e - 2 scrolls of enchant weapon
 f - 6 scrolls of remove curse
 h - 15 scrolls of teleportation
 j - 7 scrolls of amnesia
 k - a scroll of fear
 l - 3 scrolls of fog
 n - a scroll of enchant armour
 o - 3 scrolls of magic mapping
 r - a scroll of acquirement
 G - 2 scrolls of immolation
 H - 2 scrolls of identify
 J - a scroll of vulnerability
 K - a scroll of torment
Miscellaneous
 D - a fan of gales


   Skills:
 - Level 8.2 Fighting
 - Level 3.6(7.9) Short Blades
 + Level 10.7(11.0) Long Blades
 - Level 1.5 Dodging
 - Level 1.5 Stealth
 - Level 4.4 Shields
 + Level 12.3 Spellcasting
 - Level 5.0 Conjurations
 + Level 11.2 Necromancy
 - Level 2.3 Translocations
 - Level 3.0 Air Magic
 + Level 2.0 Earth Magic
 - Level 5.0 Poison Magic


You had 4 spell levels left.
You knew the following spells:

 Your Spells              Type           Power        Failure   Level  Hunger
a - Pain                  Necr           ####         1%          1    N/A
b - Animate Skeleton      Necr           N/A          1%          1    N/A
c - Vampiric Draining     Necr           ######....   1%          3    N/A
d - Animate Dead          Necr           N/A          1%          4    N/A
e - Poisonous Vapours     Pois/Air       ####..       2%          2    N/A
f - Blink                 Tloc           N/A          4%          2    N/A
g - Dispel Undead         Necr           ######..     2%          5    N/A
h - Bolt of Draining      Conj/Necr      ######....   8%          5    N/A
i - Olgreb's Toxic Radia  Pois           ####....     11%         4    N/A
j - Borgnjor's Vile Clut  Necr/Erth      ######....   14%         5    N/A

Your spell library contained the following spells:

 Spells                   Type           Power        Failure   Level  Hunger
 Magic Dart               Conj           ####         1%          1    N/A
 Sting                    Conj/Pois      ####         1%          1    N/A
 Corpse Rot               Necr           N/A          1%          2    N/A
 Apportation              Tloc           ###...       3%          1    N/A
 Mephitic Cloud           Conj/Pois/Air  ####....     4%          3    N/A
 Confusing Touch          Hex            ##....       9%          1    N/A
 Summon Butterflies       Summ           ##......     9%          1    N/A
 Conjure Flame            Conj/Fire      ###.....     9%          3    N/A
 Gell's Gravitas          Tloc           ###.......   10%         3    N/A
 Lesser Beckoning         Tloc           ###.......   10%         3    N/A
 Call Imp                 Summ           ##......     12%         2    N/A
 Slow                     Hex            ##......     12%         2    N/A
 Recall                   Summ/Tloc      N/A          16%         3    N/A
 Confuse                  Hex            ##......     24%         3    N/A
 Tukima's Dance           Hex            ##......     24%         3    N/A
 Petrify                  Tmut/Erth      ##......     47%         4    N/A
 Death Channel            Necr           ######....   12%         6    N/A
 Excruciating Wounds      Chrm/Necr      #####.....   22%         5    N/A
 Venom Bolt               Conj/Pois      ####......   28%         5    N/A
 Alistair's Intoxication  Tmut/Pois      ###.....     63%         5    N/A
 Simulacrum               Ice/Necr       #####.....   77%         6    N/A
 Metabolic Englaciation   Hex/Ice        ##........   92%         5    N/A
 Yara's Violent Unravell  Hex/Tmut       ##........   92%         5    N/A
 Infestation              Necr           ######....   99%         8    N/A
 Invisibility             Hex            ##......     100%        6    N/A
 Haunt                    Necr/Summ      #####.....   100%        7    N/A
 Regeneration             Chrm/Necr      Unusable     N/A         3    N/A
 Borgnjor's Revivificati  Necr           Unusable     N/A         8    N/A
 Death's Door             Chrm/Necr      Unusable     N/A         8    N/A
 Necromutation            Tmut/Necr      Unusable     N/A         8    N/A

Dungeon Overview and Level Annotations

Branches:
Dungeon (13/15)            Temple (1/1) D:7            Lair (6/6) D:10
 Shoals (0/4) Lair:2        Snake (1/4) Lair:4          Orc (2/2) D:11
    Elf (0/3) Orc:2        Vaults (0/5) D:13        Ossuary (visited)
  Slime: Lair:5-6

Altars:
Cheibriados
Dithmenos
Elyvilon
Fedhas
Gozag
Hepliaklqana
Kikubaaqudgha
Makhleb
Nemelex Xobeh
Qazlal
Ru
Sif Muna
Trog
Uskayaw
Vehumet
Wu Jian
Xom
Yredelemnul
Zin
The Shining One

Shops:
D:7 *

Annotations:
Lair:2 exclusion: 4 oklob plants
Lair:5 exclusion: oklob plant


Innate Abilities, Weirdness & Mutations

You do not eat or drink.
Your flesh is vulnerable to fire.
You are immune to poison.
Your flesh is cold resistant. (rC+)
You are immune to negative energy. (rN+++)
You are immune to unholy pain and torment.
You can survive without breathing.
You are in touch with the powers of death.


Message History

Something barely misses your orc high priest skeleton.
The orc priest hits something with a +0 dagger.
An orc priest comes into view. It is wielding a +0 war axe.
The orc priest shouts!
You hear a shout!
The orc priest barely misses you.
You riposte.
You barely miss the orc priest.
The orc priest calls down the wrath of Beogh upon you.
Beogh smites you!
* * * LOW HITPOINT WARNING * * *
An orc priest comes into view.
The orc priest moves out of view.
An orc priest comes into view. It is wielding a +0 whip.
The orc priest shouts! x2
The orc priest mumbles some strange prayers to Beogh against you.
Beogh smites you!
* * * LOW HITPOINT WARNING * * *
An orc comes into view. It is wielding a +0 whip.
The orc priest mumbles some strange prayers to Beogh against you.
Beogh smites you!
You die...
Kikubaaqudgha rasps: "You have failed me!
Welcome... oblivion!"

.............................
...........<[..............#
.......^........)<.......#
................[[)...#.##
.........................#
......................^..##
..........................#
.........#...........#...#### #
$..............)@..o.)#.###.## ##
#.......#......#.....o.##....# #.
##.....#....................#####
#......................##.....##.
#..........o..........##.........
......#..o..o.......###....>.....
........#...........#...........
..#.##...#.#....................
#.#....................


You could see an orc warrior, 3 orc priests and an orc (wandering).

Vanquished Creatures
  Josephine (D:12)
  Erolcha (D:11)
  4 hydras
  A centaur warrior (D:11)
  3 two-headed ogres
  A tengu warrior (D:13)
  3 orc high priests (Orc:2)
  Sonja (Lair:4)
  An orc knight (Orc:1)
  2 ugly things
  A cyclops (D:13)
  An orc sorcerer (Orc:2)
  A manticore (D:11)
  A black mamba (Lair:4)
  4 spiny frogs
  3 komodo dragons
  A tengu conjurer (D:13)
  A queen bee (D:12)
  2 trolls
  2 polar bears
  5 hippogriffs
  12 blink frogs
  Grinder (D:6)
  7 slime creatures
  Sigmund (D:2)
  4 wraiths (D:12)
  A vampire (D:13)
  6 basilisks
  Eustachio (D:6)
  2 wyverns
  Grum (D:9)
  3 hungry ghosts
  26 yaks
  Menkaure (D:6)
  5 wargs
  A soldier ant (D:11)
  12 water moccasins
  A naga (Lair:4)
  9 porcupines
  5 black bears
  15 orc warriors
  4 ice beasts
  A sky beast (D:11)
  2 hornet zombies (Ossuary)
  3 phantoms
  11 wolves
  10 centaurs
  5 ogres
  6 crocodiles
  22 bullfrogs
  2 scorpions
  A water moccasin skeleton (D:8)
  2 wights
  13 killer bees (D:12)
  A howler monkey (D:11)
  A jelly (D:5)
  A lava snake (D:13)
  2 centaur zombies (Ossuary)
  3 crimson imps
  4 bullfrog zombies
  3 quasits
  9 hounds
  15 orc priests
  3 bullfrog skeletons
  2 centaur skeletons
  Natasha (thrice) (D:1)
  2 iguanas
  23 orc wizards
  12 worker ants
  3 killer bee zombies (Ossuary)
  2 hound zombies (Ossuary)
  A hound skeleton (D:8)
  8 mummies (Ossuary)
  2 howler monkey zombies (Ossuary)
  6 worker ant zombies (Ossuary)
  10 gnolls
  A howler monkey skeleton (D:8)
  A river rat (D:5)
  8 adders
  3 shadow imps
  3 oozes (D:2)
  A worm zombie (D:8)
  2 adder zombies (Ossuary)
  An adder skeleton (D:5)
  3 worms
  A dart slug (D:1)
  5 leopard geckos
  82 orcs
  11 giant cockroaches
  8 goblins
  10 hobgoblins
  8 jackals
  4 quokkas
  A ball python (D:1)
  6 bats
  8 frilled lizards
  A giant cockroach zombie (Ossuary)
  3 kobolds (D:1)
  A kobold zombie (D:8)
  2 leopard gecko skeletons
  A quokka zombie (Ossuary)
  8 rats
  A rat zombie (D:8)
536 creatures vanquished.

Vanquished Creatures (collateral kills)
  An ironheart preserver (D:13)
  2 hydras (Lair:1)
  A gargoyle (D:12)
  A black mamba (Lair:1)
  2 rime drakes
  A komodo dragon (Lair:3)
  A blink frog (Lair:4)
  A hippogriff (D:13)
  6 yaks
  An acid dragon (D:13)
  A naga (Lair:4)
  3 water moccasins
  An ogre (D:5)
  A centaur (D:10)
  2 wolves (Lair:2)
  A crocodile (Lair:2)
  2 bullfrogs
  2 wights (D:11)
  A jelly (D:5)
  3 orc priests
  A hound (D:5)
  A bullfrog skeleton (D:9)
  2 orc wizards
  A worker ant (D:9)
  An adder (D:2)
  3 orcs
  A goblin (D:3)
  A kobold (D:3)
  2 fungi
  A plant (Lair:1)
48 creatures vanquished.

Vanquished Creatures (others)
  A fungus (Lair:2)
  2 plants
  4 withered plants (Ossuary)
7 creatures vanquished.

Grand Total: 591 creatures vanquished

Notes
Turn   | Place    | Note
-------+----------+-------------------------------------------
     0 | D:1      | Brecoman the Mummy Necromancer began the quest for the Orb.
     0 | D:1      | Reached XP level 1. HP: 13/13 MP: 4/4
   412 | D:1      | Learned a level 1 spell: Animate Skeleton
   516 | D:1      | Reached XP level 2. HP: 12/20 MP: 1/5
   640 | D:1      | Reached skill level 3 in Spellcasting
   927 | D:1      | Reached skill level 1 in Fighting
  1157 | D:2      | Reached skill level 1 in Short Blades
  1157 | D:2      | Reached XP level 3. HP: 26/26 MP: 3/7
  1280 | D:2      | Learned a level 3 spell: Vampiric Draining
  1392 | D:2      | Reached XP level 4. HP: 22/32 MP: 4/9
  2213 | D:2      | Reached XP level 5. HP: 38/38 MP: 6/10
  2221 | D:2      | Noticed Sigmund
  2270 | D:2      | Noticed Natasha
  2282 | D:1      | Killed Natasha
  2282 | D:1      | Reached skill level 4 in Spellcasting
  2464 | D:1      | Noticed Natasha
  2467 | D:1      | Killed Natasha
  2500 | D:1      | Noticed Natasha
  2505 | D:1      | Killed Natasha
  3017 | D:2      | Reached skill level 5 in Necromancy
  3120 | D:2      | Killed Sigmund
  3120 | D:2      | Reached XP level 6. HP: 30/47 MP: 8/13
  3631 | D:3      | Reached skill level 5 in Spellcasting
  3894 | D:3      | Reached XP level 7. HP: 51/52 MP: 10/14
  4712 | D:5      | Entered Level 5 of the Dungeon
  4904 | D:5      | Reached skill level 1 in Shields
  5101 | D:5      | Reached XP level 8. HP: 49/60 MP: 16/16
  5546 | D:5      | Found a hide-covered altar of Uskayaw.
  5546 | D:5      | Found a basalt altar of Yredelemnul.
  5580 | D:5      | Learned a level 4 spell: Animate Dead
  5767 | D:5      | Learned a level 2 spell: Poisonous Vapours
  6144 | D:5      | Found an ornate altar of the Wu Jian Council.
  6162 | D:5      | Found a sparkling altar of Nemelex Xobeh.
  6187 | D:5      | Reached skill level 1 in Air Magic
  6187 | D:5      | Reached skill level 1 in Poison Magic
  6581 | D:6      | Noticed Menkaure
  6755 | D:6      | Got a bone long sword
  6756 | D:6      | Identified the +7 long sword "Waan" {elec, rElec rPois}
                  | (You found it on level 6 of the Dungeon)
  6797 | D:6      | Killed Menkaure
  6805 | D:6      | Noticed Eustachio
  6818 | D:6      | Killed Eustachio
  6818 | D:6      | Reached skill level 1 in Long Blades
  6818 | D:6      | Reached skill level 6 in Spellcasting
  6818 | D:6      | Reached XP level 9. HP: 67/67 MP: 11/18
  6882 | D:6      | Found a shadowy altar of Dithmenos.
  6882 | D:6      | Found an opulent altar of Gozag.
  7252 | D:6      | Noticed Grinder
  7268 | D:6      | Killed Grinder
  7268 | D:6      | Reached skill level 5 in Fighting
  7520 | D:7      | Found a staircase to the Ecumenical Temple.
  7533 | Temple   | Entered the Ecumenical Temple
  7547 | Temple   | Became a worshipper of Kikubaaqudgha
  7744 | D:7      | Found Uwke's Assorted Antiques.
  7754 | D:7      | Bought a fine amber ring for 90 gold pieces
  7754 | D:7      | Identified the ring "Azeq" {+Fly rPois Int+3} (You bought
                  | it in a shop on level 7 of the Dungeon)
  7834 | D:7      | Found a shimmering blue altar of Sif Muna.
  8154 | D:8      | Reached skill level 7 in Spellcasting
  8254 | D:8      | Found a sand-covered staircase.
  8270 | Ossuary  | Entered an ossuary
  8286 | Ossuary  | Reached * piety under Kikubaaqudgha
  8286 | Ossuary  | Identified Kikubaaqudgha's Almanac of Evil (Kikubaaqudgha
                  | gifted it to you in an ossuary)
  8286 | Ossuary  | Received a gift from Kikubaaqudgha
  8882 | Ossuary  | Reached ** piety under Kikubaaqudgha
  9110 | D:8      | Noticed a two-headed ogre
  9153 | D:8      | Killed a two-headed ogre
  9153 | D:8      | Reached skill level 8 in Spellcasting
  9153 | D:8      | Reached XP level 10. HP: 77/77 MP: 16/22
  9394 | D:8      | Found a snail-covered altar of Cheibriados.
  9981 | D:9      | Got an ominously black robe
  9997 | D:9      | Identified the cursed +0 robe of Bitterness {rC+ Dex+5}
                  | (You found it on level 9 of the Dungeon)
 10053 | D:9      | Noticed Grum
 10065 | D:9      | Killed Grum
 10209 | D:9      | Found a bloodstained altar of Trog.
 10217 | D:9      | Reached skill level 9 in Spellcasting
 10709 | D:9      | Reached skill level 5 in Long Blades
 11766 | D:10     | Entered Level 10 of the Dungeon
 12083 | D:10     | Found a staircase to the Lair.
 12104 | D:10     | Reached *** piety under Kikubaaqudgha
 12104 | D:10     | Identified Kikubaaqudgha's Reference Book on Black Rituals
                  | (Kikubaaqudgha gifted it to you on level 10 of the Dungeon)
 12104 | D:10     | Received a gift from Kikubaaqudgha
 13112 | D:11     | Found a staircase to the Orcish Mines.
 13147 | D:11     | Reached XP level 11. HP: 59/86 MP: 14/24
 13809 | D:11     | Noticed a centaur warrior
 13816 | D:11     | Killed a centaur warrior
 13980 | D:11     | Noticed Erolcha
 13996 | D:11     | Killed Erolcha
 14186 | D:11     | Noticed a cyan ugly thing
 14203 | D:11     | Learned a level 2 spell: Blink
 14345 | D:11     | Killed a cyan ugly thing
 14421 | D:11     | Reached skill level 1 in Translocations
 14478 | D:11     | Learned a level 5 spell: Dispel Undead
 15102 | Lair:1   | Entered Level 1 of the Lair of Beasts
 15243 | Lair:1   | Noticed a four-headed hydra
 15249 | Lair:1   | Killed a four-headed hydra
 15318 | Lair:1   | Noticed a four-headed hydra
 15327 | Lair:1   | Killed a four-headed hydra
 15489 | Lair:1   | Reached **** piety under Kikubaaqudgha
 16469 | Lair:2   | Reached XP level 12. HP: 87/93 MP: 23/25
 16481 | Lair:2   | Learned a level 5 spell: Bolt of Draining
 16598 | Lair:2   | Noticed a six-headed hydra
 16614 | Lair:2   | Killed a six-headed hydra
 16614 | Lair:2   | Reached skill level 1 in Conjurations
 17026 | Lair:2   | Found a staircase to the Shoals.
 17256 | Lair:2   | HP: 4/93 [wolf (11)]
 17791 | D:7      | Bought a scroll of identify for 36 gold pieces
 18280 | Lair:3   | Reached skill level 10 in Necromancy
 18747 | Lair:3   | Found a dark tunnel.
 19635 | Lair:4   | Learned a level 4 spell: Olgreb's Toxic Radiance
 19645 | Lair:4   | Found a staircase to the Snake Pit.
 19877 | Lair:4   | Noticed Sonja
 19883 | Lair:4   | Killed Sonja
 21048 | Lair:5   | Noticed a six-headed hydra
 21054 | Lair:5   | Killed a six-headed hydra
 21107 | Lair:5   | Identified a scroll of acquirement
 21201 | Lair:5   | HP: 3/93 [blink frog (10)]
 21584 | Lair:5   | Noticed a five-headed hydra
 21588 | Lair:5   | Killed a five-headed hydra
 21936 | Lair:6   | Entered Level 6 of the Lair of Beasts
 21956 | Lair:6   | Reached skill level 10 in Spellcasting
 21956 | Lair:6   | Gained mutation: You are in touch with the powers of death.
                  | [Mummy growth]
 21956 | Lair:6   | Reached XP level 13. HP: 98/98 MP: 14/27
 22091 | Snake:1  | Entered Level 1 of the Snake Pit
 22556 | D:12     | Noticed Josephine
 22641 | D:12     | Reached ***** piety under Kikubaaqudgha
 22656 | D:12     | Reached skill level 5 in Poison Magic
 23286 | D:12     | Reached skill level 5 in Conjurations
 23526 | D:12     | Killed Josephine
 24118 | D:13     | Reached skill level 10 in Long Blades
 24118 | D:13     | Reached skill level 11 in Spellcasting
 24583 | D:13     | Found a gate to the Vaults.
 24583 | D:13     | Noticed an ironheart preserver
 24598 | D:13     | Killed an ironheart preserver
 25666 | Orc:1    | Entered Level 1 of the Orcish Mines
 25687 | D:11     | Learned a level 5 spell: Borgnjor's Vile Clutch
 25967 | Orc:1    | Reached skill level 12 in Spellcasting
 26280 | Orc:2    | Entered Level 2 of the Orcish Mines
 26611 | Orc:1    | Reached skill level 1 in Earth Magic
 27024 | Orc:2    | Found a staircase to the Elven Halls.
 27484 | Orc:2    | Reached ****** piety under Kikubaaqudgha
 27485 | Orc:2    | Received a gift from Kikubaaqudgha
 27570 | Orc:2    | Killed from afar by an orc priest

Levels and vault maps discovered:
D:1:      lightli_arrival_flooded_house, layout_basic, nrook_mini_vaults
D:2:      layout_basic, corexii_corridor_pit, uniq_sigmund, uniq_natasha
D:3:      layout_loops_ring, palyth_stone_intersect, st_stairs_13
D:4:      layout_basic, eino_curves_02
D:5:      layout_basic, marbit_many_paths, kennysheep_mini_moat,
          gammafunk_temple_overflow_statue, portal_sewer_entry_c, first_ration
D:6:      layout_rooms, gammafunk_temple_overflow_elements, uniq_grinder,
          uniq_menkaure, uniq_eustachio
D:7:      layout_loops_cross, lemuel_doored_altar,
          minmay_temple_entry_junction_2, serial_shops, shop,
          hangedman_abyss_or_decor_passed
D:8:      layout_basic, lemuel_coloured_pillars_altar, enter_ossuary_3
D:9:      layout_stronghold, trog_ov_bears_minmay, serial_column_ruins,
          column_ruins_hut_pillars, column_ruins_open_large,
          column_ruins_grid_1, column_ruins_grid_4, uniq_grum
D:10:     layout_stronghold, lair_entry_dummy
D:11:     layout_long_grid, minmay_orc_entry_guard_dogs, uniq_erolcha
D:12:     layout_loops_ring, david_nohive_1, uniq_josephine
D:13:     layout_basic, skrybe_vaults_entry_preservation,
          kennysheep_another_room
Temple:   cyrus_circular_temple
Lair:1:   layout_regular_city, chequers_serial_rivers_large_a,
          grunt_megastairs_2, serial_bayou_shore_b
Lair:2:   layout_roguey, minmay_shoals_entry_centaurs, lemuel_fruit_tree,
          minmay_lair_oklob_chamber, grunt_megastairs_3
Lair:3:   layout_cave_pods, enter_volcano_4
Lair:4:   layout_regular_city, guppyfry_snake_entry_island,
          infiniplex_staircase_pool, grunt_megastairs_5, serial_bayou_shore_a,
          uniq_sonja
Lair:5:   layout_roguey
Lair:6:   evilmike_catoblepas_cave, layout_long_grid, slime_altar_1,
          special_room [special_room_mythical_zoo]
Snake:1:  layout_gridlike, minmay_shop_star
Orc:1:    layout_diamond_mine
Orc:2:    st_orc_mages, layout_caves

Skill      XL: |  1  2  3  4  5  6  7  8  9 10 11 12 13 |
---------------+----------------------------------------+-----
Spellcasting   | 3 4 5 6 8 9 10 12 | 12.3
Fighting       | 1 2 3 4 6 8 |  8.2
Short Blades   | 1 2 3 |  3.6
Necromancy     | 5 6 9 10 11 | 11.2
Shields        | 3 4 |  4.4
Air Magic      | 2 3 |  3.0
Poison Magic   | 2 3 4 5 |  5.0
Long Blades    | 1 4 6 8 9 10 | 10.7
Translocations | 2 |  2.3
Conjurations   | 4 5 |  5.0
Earth Magic    | 2 |  2.0
Dodging        | |  1.5
Stealth        | |  1.5

Action                   |  1- 3 |  4- 6 |  7- 9 | 10-12 | 13-15 || total
-------------------------+-------+-------+-------+-------+-------++-------
Melee: Dagger            |    40 |    81 |   175 |       |       ||   296
       Long sword        |       |       |   157 |   375 |   202 ||   734
Throw: Stone             |       |       |     5 |     2 |       ||     7
       Dart              |       |       |     1 |     2 |       ||     3
 Cast: Pain              |    40 |    58 |    62 |   168 |    39 ||   367
       Animate Skeleton  |    12 |    18 |     8 |       |     2 ||    40
       Vampiric Draining |       |     1 |     5 |    59 |    11 ||    76
       Poisonous Vapours |       |       |    15 |    81 |    97 ||   193
       Animate Dead      |       |       |     8 |    71 |    36 ||   115
       Dispel Undead     |       |       |       |     1 |    12 ||    13
       Bolt of Draining  |       |       |       |    16 |    41 ||    57
       Olgreb's Toxic Ra |       |       |       |     4 |    21 ||    25
       Blink             |       |       |       |       |     7 ||     7
       Borgnjor's Vile C |       |       |       |       |     2 ||     2
Invok: Receive Corpses   |       |       |       |     4 |     2 ||     6
       Receive Necronomi |       |       |       |       |     1 ||     1
  Use: Scroll            |       |       |    11 |    15 |     4 ||    30
 Stab: Distracted        |       |     1 |     1 |     4 |     3 ||     9
       Sleeping          |       |     1 |     1 |       |     2 ||     4
Armor: Robe              |     7 |     1 |       |       |       ||     8
       Ring mail         |       |    15 |    71 |       |       ||    86
       Leather armour    |       |       |    42 |   162 |    54 ||   258
Dodge: Dodged            |    25 |    37 |   144 |   265 |   103 ||   574
Block: Buckler           |       |       |    58 |   119 |    43 ||   220
       Rpst.: Long sword |       |       |    16 |    81 |    32 ||   129
